 Dungeon Crawl Stone Soup version 0.22.1-2-g9c5b331383 (webtiles) character file.

2437 Marnok the Carver (level 9, 0/75 HPs)
             Began as a Minotaur Fighter on Dec 28, 2018.
             Slain by a hippogriff (2 damage)
             ... on level 11 of the Dungeon.
             The game lasted 00:23:17 (4895 turns).

Marnok the Carver (Minotaur Fighter)                Turns: 4895, Time: 00:23:19

Health: 0/75       AC:  8    Str: 26    XL:     9   Next: 25%
Magic:  8/8        EV: 17    Int:  5    God:
Gold:   261        SH: 13    Dex: 18    Spells: 8/8 levels left

rFire    . . .     SeeInvis .   a - +0 long sword
rCold    . . .     Gourm    .   c - +1 shield
rNeg     . . .     Faith    .   b - +0 scale mail
rPois    .         Spirit   .   (helmet restricted)
rElec    .         Reflect  .   (no cloak)
rCorr    +         Harm     .   (no gloves)
MR       .....                  (no boots)
Stlth    +.........             (no amulet)
HPRegen  0.22/turn              u - ring of wizardry
MPRegen  0.11/turn              m - ring of resist corrosion

@: mighty, agile
A: retaliatory headbutt, horns 2
a: no special abilities


You were on level 11 of the Dungeon.
You were hungry.

You visited 1 branch of the dungeon, and saw 11 of its levels.
You also visited: Sewer.

You collected 261 gold pieces.

Inventory:

Hand Weapons
 a - a +0 long sword (weapon)
 d - a cursed -3 hunting sling
 j - a cursed -1 dagger
 n - a +0 dagger of speed
 x - a +0 mace of crushing
 z - a +0 war axe of electrocution
 D - a +0 long sword
Missiles
 l - 53 sling bullets
Armour
 b - a +0 scale mail (worn)
 c - a +1 shield (worn)
 w - a +0 pair of boots
Magical Staves
 C - an uncursed staff of fire {unknown}
Jewellery
 m - a ring of resist corrosion (right hand)
 u - a ring of wizardry (left hand)
Scrolls
 e - 3 scrolls of remove curse
 g - 2 scrolls of enchant armour
 h - 4 scrolls of teleportation
 i - 7 scrolls of identify
 r - 2 scrolls of magic mapping
 A - 3 scrolls of blinking {unknown}
 E - a scroll of immolation {unknown}
Potions
 o - 7 potions of curing
 p - 2 potions of agility
 q - a potion of might
 s - a potion of brilliance {unknown}
 t - 4 potions of flight
 B - a potion of lignification {unknown}
Comestibles
 f - 6 rations


   Skills:
 + Level 6.0 Fighting
 + Level 9.2 Long Blades
 + Level 8.0 Armour
 + Level 4.4 Dodging
 + Level 0.7 Stealth
 + Level 7.4 Shields


You had 8 spell levels left.
You didn't know any spells.
Your spell library contained the following spells:

 Spells                   Type           Power        Failure   Level  Hunger
 Magic Dart               Conj           #...         71%         1    ##.....
 Blink                    Tloc           N/A          85%         2    ###....
 Call Imp                 Summ           #.......     85%         2    ###....
 Slow                     Hex            #.......     85%         2    ###....
 Conjure Flame            Conj/Fire      #.......     96%         3    ####...
 Mephitic Cloud           Conj/Pois/Air  #.......     96%         3    ####...


Dungeon Overview and Level Annotations

Branches:
Dungeon (11/15)            Temple (0/1) D:7
   Lair: D:8-11         Orc: D:9-12

Altars:
Sif Muna


Innate Abilities, Weirdness & Mutations

You reflexively headbutt those who attack you in melee.
You have a pair of horns on your head.


Message History

* * * LOW HITPOINT WARNING * * *
A hippogriff comes into view.
The hippogriff screeches!
Something hits you but does no damage.
Things that are here:
a short sword; a plate armour Something hits you!
* * * LOW HITPOINT WARNING * * *
You feel very mighty all of a sudden. Something hits you.
* * * LOW HITPOINT WARNING * * *
Something hits you!
* * * LOW HITPOINT WARNING * * *
You feel agile all of a sudden. Something hits you but does no damage.
The hippogriff closely misses you. You furiously retaliate!
You headbutt the hippogriff!
You riposte.
You slash the hippogriff!
The hippogriff is heavily wounded.
The hippogriff pecks you.
You die...

,,,,**,,,,,,+....###..##.......'.
,,,,+,,*****#..................##
,,,,**** **#................#
***** *#.......#######+## ,,,**
#..##..### *,,,* **,,* ##+###.##
*****+***** ***+***** #......#
*,,,,,,,,,, ,,,,,,,,****#...).##
*,,,,,,,,,,
,,,,,,,,+,,*#...@H#****,,,,,,,,,,
,,,,,,,,**,*#.....'..#*,,,,,,,,,,
,,,,,,,,*#..'.....##..#,,,,,,,,,,
,,,,,,,,*####...[.#**.'.,,,,,,,,,
,,,,,,,,* #...>.# **#.,,,,,,,,,
,,,,,,,,* #.....# ******+****
,,,,,,,,* ###+###** *,,,*
**,,,**** *,,,,,* *,*** *,>***
*******,** *,*


You could see a hippogriff.

Vanquished Creatures
  A hippogriff (D:11)
  Sigmund (D:2)
  An ice beast (D:11)
  An orc warrior (D:11)
  2 phantoms
  4 big kobolds (Sewer)
  2 bullfrogs
  6 scorpions
  A howler monkey (D:6)
  2 crimson imps
  A quasit (D:5)
  3 hounds
  A bullfrog zombie (D:7)
  An orc priest (D:7)
  6 orc wizards
  3 iguanas
  3 worker ants
  3 hound skeletons (D:4)
  8 gnolls
  3 river rats (D:3)
  14 adders
  A shadow imp (D:7)
  3 oozes (Sewer)
  An adder skeleton (D:5)
  8 worms
  A leopard gecko (D:7)
  18 orcs
  4 ball pythons
  5 giant cockroaches
  10 goblins
  11 hobgoblins
  9 jackals
  3 quokkas
  10 bats
  6 frilled lizards
  A jackal skeleton (D:7)
  16 kobolds
  A leopard gecko skeleton (D:4)
  6 rats
181 creatures vanquished.

Notes
Turn   | Place    | Note
-------+----------+-------------------------------------------
     0 | D:1      | Marnok the Minotaur Fighter began the quest for the Orb.
     0 | D:1      | Reached XP level 1. HP: 19/19 MP: 0/0
   150 | D:1      | Reached XP level 2. HP: 27/27 MP: 1/1
   299 | D:2      | Reached XP level 3. HP: 28/33 MP: 2/2
   305 | D:2      | Reached skill level 3 in Long Blades
   643 | D:2      | Noticed Sigmund
   666 | D:2      | Killed Sigmund
   666 | D:2      | Reached skill level 5 in Armour
   666 | D:2      | Reached skill level 1 in Dodging
   666 | D:2      | Reached XP level 4. HP: 14/41 MP: 3/3
   666 | D:2      | Reached XP level 5. HP: 17/47 MP: 4/4
   891 | D:2      | Reached skill level 4 in Long Blades
  1206 | D:3      | Found a deep blue altar of Sif Muna.
  1277 | D:3      | Reached XP level 6. HP: 27/53 MP: 5/5
  1286 | D:3      | Reached skill level 5 in Shields
  1345 | D:3      | Found a glowing drain.
  1439 | Sewer    | Entered a sewer
  1867 | Sewer    | Reached XP level 7. HP: 56/60 MP: 6/6
  1922 | Sewer    | Reached skill level 5 in Long Blades
  2745 | D:5      | Entered Level 5 of the Dungeon
  2769 | D:4      | Reached skill level 5 in Fighting
  2769 | D:4      | Reached skill level 6 in Long Blades
  3045 | D:4      | Reached XP level 8. HP: 68/68 MP: 7/7
  3221 | D:5      | Reached skill level 7 in Long Blades
  4232 | D:6      | Reached skill level 8 in Long Blades
  4414 | D:7      | Found a staircase to the Ecumenical Temple.
  4595 | D:7      | Reached XP level 9. HP: 74/74 MP: 8/8
  4733 | D:7      | Reached skill level 9 in Long Blades
  4798 | D:10     | Entered Level 10 of the Dungeon
  4894 | D:11     | HP: 1/75 [something (8)]
  4895 | D:11     | Slain by a hippogriff

Skill      XL: |  1  2  3  4  5  6  7  8  9 |
---------------+----------------------------+-----
Shields        | 4 5 6 7 |  7.4
Armour         | 4 5 6 7 8 |  8.0
Fighting       | 4 5 6 |  6.0
Long Blades    | 3 4 6 8 9 |  9.2
Dodging        | 1 2 3 4 |  4.4
Stealth        | |  0.7

Action                   |  1- 3 |  4- 6 |  7- 9 || total
-------------------------+-------+-------+-------++-------
Melee: Long sword        |    50 |   133 |   375 ||   558
       Headbutt          |     5 |    22 |    85 ||   112
  Use: Potion            |     5 |     1 |     5 ||    11
       Scroll            |       |       |     7 ||     7
  Eat: Chunk             |       |     3 |     7 ||    10
       Ration            |       |       |     1 ||     1
Armor: Scale mail        |    29 |    66 |   119 ||   214
Dodge: Dodged            |    21 |    55 |   112 ||   188
Block: Shield            |    23 |   110 |   189 ||   322
       Rpst.: Long sword |     3 |    17 |    41 ||    61
